 Dungeon Crawl Stone Soup version 0.31-a0-844-gdc52ec4e09 (webtiles) character file.

Game seed: 15753436129281411033

267 Maratek the Trooper (level 6, -5/44 HPs)
             Began as an Octopode Fighter on Sept 28, 2023.
             Was a Believer of Qazlal.
             Killed from afar by Blork the orc (8 damage)
             ... with a puff of flame
             ... on level 4 of the Dungeon.
             The game lasted 00:03:26 (2435 turns).

Maratek the Trooper (Octopode Fighter)              Turns: 2435, Time: 00:03:26

Health: -5/44      AC:  1    Str: 18    XL:     6   Next: 21%
Magic:  6/6        EV: 13    Int: 10    God:    Qazlal [**....]
Gold:   105        SH:  7    Dex: 11    Spells: 5/5 levels left

rFire   . . .        a - +0 flail
rCold   . . .        b - +0 buckler
rNeg    . . .        (helmet restricted)
rPois   .            (no amulet)
rElec   .            (no ring)
rCorr   .            (no ring)
SInv    .            (no ring)
Will    .....        (no ring)
Stlth   ++           (no ring)
HPRegen 0.27/turn    (no ring)
MPRegen 0.10/turn    (no ring)
                     (no ring)

%: no passive effects
@: no status effects
A: almost no armour, amphibious, 8 rings, camouflage 1, gelatinous body 1,
(nimble swimmer 1), tentacles
a: Renounce Religion, Upheaval


You were on level 4 of the Dungeon.
You worshipped Qazlal.
Qazlal was pleased with you.
You visited 1 branch of the dungeon, and saw 4 of its levels.

You collected 105 gold pieces.

Inventory:

Hand Weapons
 a - a +0 flail (weapon)
Armour
 b - a +0 buckler (worn)
Jewellery
 q - an amulet of reflection
Wands
 r - a wand of mindburst (15)
Scrolls
 e - 2 scrolls of teleportation
 g - 2 scrolls of immolation
 i - a scroll of butterflies
Potions
 c - a potion of might
 f - a potion of ambrosia {unknown}
 h - a potion of lignification {unknown}
 k - a potion of heal wounds {unknown}
 n - a potion of curing {unknown}
 o - a potion of berserk rage {unknown}
 p - a potion of enlightenment {unknown}


   Skills:
 + Level 4.3 Fighting
 + Level 3.7 Maces & Flails
 + Level 3.9 Dodging
 + Level 2.3 Stealth
 + Level 3.7 Shields


You had 5 spell levels left.
You didn't know any spells.
Your spell library contained the following spells:

 Spells                   Type           Power      Damage    Failure   Level
 Cigotuvi's Dreadful Rot  Necr/Pois/Air  0%         N/A       58%         2
 Tukima's Dance           Hex            0%         N/A       82%         3
 Dimensional Bullseye     Hex/Tloc       0%         N/A       99%         4
 Dispel Undead            Necr           0%         3d6       99%         4
 Iskenderun's Mystic Bla  Conj/Tloc      0%         2d3       99%         4
 Death Channel            Necr           0%         N/A       100%        6


Dungeon Overview and Level Annotations

Branches:
Dungeon (4/15)
 Temple: D:4-7

Altars:
Qazlal

Shops:
D:2 [   D:3 *

Annotations:
D:1 2 transporters
D:4 Blork the orc


Innate Abilities, Weirdness & Mutations

You cannot wear most types of armour.
You are amphibious.
You can wear up to eight rings at the same time.
Your skin changes colour to match your surroundings (Stealth+).
Your rubbery body absorbs attacks. (AC +1, EV +1)
((You are camouflaged when in or above water. (Stealth+)))
You have tentacles for arms and can constrict up to eight enemies at once.


Message History

You closely miss the lemure. Your grab misses the lemure. The lemure hits you!
You hit the lemure but do no damage. Your grab misses the lemure.
You squeeze the lemure!
The lemure is moderately wounded.
You block the lemure's attack.
You hit the lemure. You grab the lemure.
The lemure is heavily wounded.
You constrict the lemure, but do no damage.
The lemure hits you.
Blork the orc looks encouraged for a moment.
The lemure hits you.
You hit the lemure.
The lemure is heavily wounded.
You constrict the lemure. The lemure barely misses you.
Blork the orc gestures wildly while chanting.
Blork the orc seems to speed up.
You sock the lemure!
You kill the lemure!
That felt strangely unrewarding.
You block Blork the orc's attack.
You thump Blork the orc! Your grab misses Blork the orc.
Your squeeze misses Blork the orc.
Blork the orc is moderately wounded.
You block Blork the orc's attack.
You hit Blork the orc but do no damage. You grab Blork the orc.
Blork the orc is moderately wounded.
You constrict Blork the orc. Blork the orc casts a spell at you.
The magic dart hits you.
Blork the orc zaps a wand.
The puff of flame hits you!
You are too injured to fight recklessly!
You are too injured to fight recklessly!
You are too injured to fight recklessly!
You are too injured to fight recklessly!
You release your grip on Blork the orc.
Blork the orc zaps a wand.
The puff of flame hits you!
* * * LOW HITPOINT WARNING * * *
Blork the orc points at you and mumbles some strange words.
The magic dart hits you!
* * * LOW HITPOINT WARNING * * *
Blork the orc zaps a wand.
The puff of flame hits you!
You die...

..... .....
......
....###
#.)o# #.##
##..#
#.#.###...#
#......@###
#...#####
..


You could see Blork the orc (fast).

Vanquished Creatures
  A lemure (D:4)
  A scorpion (D:3)
  An orc priest (D:3)
  3 orc wizards (D:3)
  4 adders (D:2)
  A worm (D:2)
  A dart slug (D:1)
  8 orcs (D:3)
  3 endoplasms
  5 giant cockroaches
  6 goblins
  5 hobgoblins
  3 quokkas
  4 ball pythons
  5 bats
  4 frilled lizards
  4 kobolds
  A rat (D:3)
60 creatures vanquished.

Notes
Turn   | Place    | Note
-------+----------+-------------------------------------------
     0 | D:1      | Maratek the Octopode Fighter began the quest for the Orb.
     0 | D:1      | Reached XP level 1. HP: 16/16 MP: 1/1
    82 | D:1      | Found a faded altar of an unknown god.
    95 | D:1      | Reached XP level 2. HP: 21/21 MP: 2/2
   106 | D:1      | Prayed at the altar of an unknown god.
   106 | D:1      | Became a worshipper of Qazlal Stormbringer
   106 | D:1      | Reached * piety under Qazlal
   214 | D:1      | You fall into a shaft and drop 1 floor!
   356 | D:2      | Reached XP level 3. HP: 18/26 MP: 3/3
   743 | D:2      | Found Solosari's Armour Boutique.
  1017 | D:2      | Reached XP level 4. HP: 30/33 MP: 4/4
  1115 | D:2      | Reached ** piety under Qazlal
  1571 | D:3      | Found Ifilutus's Assorted Antiques.
  1637 | D:3      | Reached skill level 4 in Fighting
  1637 | D:3      | Reached skill level 1 in Stealth
  1637 | D:3      | Reached XP level 5. HP: 25/37 MP: 5/5
  1789 | D:3      | Reached XP level 6. HP: 7/43 MP: 6/6
  2423 | D:4      | Noticed Blork the orc
  2433 | D:4      | HP: 2/44 [Blork the orc/magic dart (8)]
  2435 | D:4      | Killed from afar by Blork the orc

Illustrated notes

Levels and vault maps discovered:
D:1:      spicycebolla_arrival_transporter_tutorial, layout_rooms,
          ebering_ecumenical_altar_abandoned, serial_bayou,
          serial_bayou_lagoon_a, serial_bayou_pond_c, serial_bayou_shore_a,
          serial_bayou_shore_b, nicolae_the_louvre
D:2:      layout_loops_corners, serial_shops, shop
D:3:      layout_rooms, serial_shops, shop, dk_noncrumbling_2,
          kennysheep_cluttered_room
D:4:      layout_rooms, ebering_ghost_sewer_d, uniq_blork_the_orc, uniq_pikel

Skill      XL: |  1  2  3  4  5 |
---------------+----------------+-----
Fighting       | 4 |  4.3
Stealth        | 1 2 |  2.3
Maces & Flails | 3 |  3.7
Dodging        | |  3.9
Shields        | |  3.7

Action                     |  1- 3 |  4- 6 || total
---------------------------+-------+-------++-------
  Melee: Flail             |    55 |    64 ||   119
         Constrict         |    18 |    21 ||    39
         Tentacles         |    12 |    15 ||    27
    Use: Scroll            |       |     6 ||     6
 Armour: Skin              |    17 |    31 ||    48
  Dodge: Dodged            |    29 |    33 ||    62
  Block: Buckler           |    13 |    16 ||    29

Table legend: (Time is in decaauts)
 A = Elapsed time spent in this place.
 B = Non-inter-level travel time spent in this place.
 C = Inter-level travel time spent in this place.
 D = Time resting spent in this place.
 E = Time spent auto-exploring this place.
 F = Levels seen in this place.
 G = Mean time per level.
                   A        B        C        D        E       F      G
               +--------+--------+--------+--------+--------+-----+--------+
         Total |   2471 |   2352 |    119 |    326 |   1640 |   4 |  617.8 |
       Dungeon |   2471 |   2352 |    119 |    326 |   1640 |   4 |  617.8 |
               +--------+--------+--------+--------+--------+-----+--------+

Top non-repeatable levels by time:
     D:2: 1033 daAuts
     D:3: 956 daAuts
     D:1: 464 daAuts
     D:4: 17 daAuts
